 Dungeon Crawl Stone Soup version 0.28-a0-657-g71136c5590 (webtiles) character file.

Game seed: 10952024295254237659

178706 MirrMurr the Imperceptible (level 17, -1/101 HPs)
             Began as a Spriggan Enchanter on Oct 10, 2021.
             Was a High Priest of Ashenzari.
             Killed from afar by a thorn hunter (30 damage)
             ... with a volley of thorns
             ... on level 1 of the Swamp on Oct 13, 2021.
             The game lasted 02:45:18 (51015 turns).

MirrMurr the Imperceptible (Spriggan Enchanter)    Turns: 51015, Time: 02:45:19

Health: -1/101     AC:  8    Str:  9    XL:     17   Next: 28%
Magic:  33/33      EV: 36    Int: 17    God:    Ashenzari [*****.]
Gold:   4495       SH: 16    Dex: 17    Spells: 11/38 levels left

rFire   + . .      SeeInvis +   a - +6 dagger of Ashenzari's Abstinence {venom, Bglg, Fort} (curse)
rCold   + . .      Faith    .   V - +3 buckler "Circumscribed With Me" {Elem, Self} (curse)
rNeg    + . .      Spirit   .   x - +1 robe of Ashenzari's Pessimism {rC+ rF+, Cun, Self} (curse)
rPois   +          Reflect  +   B - +2 hat
rElec   .          Harm     .   E - +2 cloak "Bitterness of the Sky" {rCorr, Cun, Evo} (curse)
rCorr   +          Rampage  .   (gloves unavailable)
Will    +++..      Clarity  +   (boots unavailable)
Stlth   ++++++++++              l - amulet of reflection
HPRegen 0.26/turn               i - ring of Ashenzari's Visionary {rN+ Will+, Self, Bglg} (curse)
MPRegen 0.23/turn               d - ring of the Wild Blue Yonder {rPois, Self, Alch} (curse)

@: studying Conjurations, very quick
A: very small, no large weapons, unfitting armour, see invisible, speed 3
}: 1/15 runes: gossamer
a: Renounce Religion, Curse Item, Shatter the Chains


You were on level 1 of the Swamp.
You worshipped Ashenzari.
Ashenzari was extremely pleased with you.
You visited 6 branches of the dungeon, and saw 29 of its levels.
You also visited: Bailey and Gauntlet.

You collected 4887 gold pieces.
You spent 392 gold pieces at shops.

Inventory:

Hand Weapons
 a - the cursed +6 dagger of Ashenzari's Abstinence (weapon) {venom, Bglg, Fort}
   (You found it on level 2 of the Dungeon)

   It poisons the flesh of those it strikes.
   It has a curse which improves the following skills: Beguiling: Conjurations,
   Hexes and Translocations.
   Fortitude: Armour and Shields.
 r - a +6 dagger
 A - the +8 dagger of Light {antimagic, Dex+6}
   (You took it off an orc wizard on level 9 of the Dungeon)

   It reduces the magical energy of the wielder, and disrupts the spells and
   magical abilities of those it strikes.
   Natural abilities and divine invocations are not affected.
   Dex:       It affects your dexterity (+6).
 C - a +0 dagger of electrocution
 Z - a +1 dagger of pain
Missiles
 h - 4 atropa-tipped darts
 k - 642 stones
 n - 100 poisoned darts (quivered)
 v - 13 boomerangs
 z - 5 curare-tipped darts
 F - 2 throwing nets
Armour
 x - the cursed +1 robe of Ashenzari's Pessimism (worn) {rC+ rF+, Cun, Self}
   (You took it off a wight on level 7 of the Dungeon)

   It has a curse which improves the following skills: Cunning: Dodging and
   Stealth.
   Introspection: Fighting and Spellcasting.
 B - a +2 hat (worn)
 D - +0 acid dragon scales
 E - the cursed +2 cloak "Bitterness of the Sky" (worn) {rCorr, Cun, Evo}
   (You took it off Maurice on level 10 of the Dungeon)

   It has a curse which improves the following skills: Cunning: Dodging and
   Stealth.
   Evocations: Evocations.
 R - +0 steam dragon scales
 V - the cursed +3 buckler "Circumscribed With Me" (worn) {Elem, Self}
   (You took it off a tengu warrior on level 13 of the Dungeon)

   It has a curse which improves the following skills: Elements: Fire Magic, Ice
   Magic, Air Magic and Earth Magic.
   Introspection: Fighting and Spellcasting.
 Y - a scarf of invisibility
Jewellery
 d - the cursed ring of the Wild Blue Yonder (right hand) {rPois, Self, Alch}
   (You bought it in a shop on level 4 of the Dungeon)

   [ring of poison resistance]

   rPois:     It protects you from poison.
   It has a curse which improves the following skills: Introspection: Fighting
   and Spellcasting.
   Alchemy:   Poison Magic and Transmutations.
 i - the cursed ring of Ashenzari's Visionary (left hand) {rN+ Will+, Self, Bglg}
   (You found it on level 4 of the Dungeon)

   [ring of willpower]

   rN:        It protects you from negative energy.
   Will:      It increases your willpower.
   It has a curse which improves the following skills: Introspection: Fighting
   and Spellcasting.
   Beguiling: Conjurations, Hexes and Translocations.
 l - an amulet of reflection (around neck)
 S - a ring of resist corrosion
Wands
 b - a wand of mindburst (2)
 p - a wand of digging (4)
 G - a wand of flame (9)
 I - a wand of acid (18)
 L - a wand of paralysis (11)
 Q - a wand of iceblast (21)
 U - a wand of charming (16)
Scrolls
 s - 4 scrolls of fog
 t - 8 scrolls of teleportation
 w - 2 scrolls of summoning
 y - 8 scrolls of enchant weapon
 H - 3 scrolls of magic mapping
 J - 7 scrolls of fear
 M - 3 scrolls of immolation
 O - 3 scrolls of enchant armour
 P - a scroll of silence
 W - a scroll of blinking
 X - a scroll of brand weapon
Potions
 c - 3 potions of invisibility
 e - 5 potions of brilliance
 f - 16 potions of curing
 g - 8 potions of might
 j - 4 potions of cancellation
 m - 4 potions of resistance
 o - 6 potions of mutation
 q - 6 potions of heal wounds
 u - 7 potions of ambrosia
 K - 2 potions of haste
 N - 4 potions of magic
Miscellaneous
 T - a condenser vane


   Skills:
 + Level 9.9(16.5) Fighting
 - Level 10.0 Short Blades
 + Level 21.4(25.2) Dodging
 - Level 23.3(27) Stealth
 - Level 4.6(7.2) Shields
 - Level 5.1(11.2) Spellcasting
 - Level 10.8(15.0) Hexes
 * Level 3.3 Summonings
 - Level 6.0 Necromancy
 + Level 5.9(10.0) Translocations
 - Level 3.6(6.0) Air Magic
 - Level 5.9(8.6) Earth Magic
 - Level 9.2(12.0) Evocations


You had 11 spell levels left.
You knew the following spells:

 Your Spells              Type           Power      Damage    Failure   Level
a - Ensorcelled Hibernat  Hex/Ice        70%        N/A       1%          2
b - Confusing Touch       Hex            57%        N/A       1%          3
c - Tukima's Dance        Hex            57%        N/A       1%          3
d - Dazzling Flash        Conj/Hex       72%        N/A       1%          3
e - Borgnjor's Vile Clut  Necr/Erth      17%        N/A       11%         5
f - Cause Fear            Hex            28%        N/A       1%          4
s - Summon Lightning Spi  Summ/Air       25%        N/A       11%         4
A - Apportation           Tloc           86%        N/A       1%          1
B - Blink                 Tloc           N/A        N/A       1%          2

Your spell library contained the following spells:

 Spells                   Type           Power      Damage    Failure   Level
 Animate Skeleton         Necr           58%        N/A       1%          1
 Sandblast                Erth           78%        2d17      1%          1
 Summon Small Mammal      Summ           84%        N/A       1%          1
 Passwall                 Tmut/Erth      20%        N/A       1%          2
 Slow                     Hex            57%        N/A       1%          2
 Inner Flame              Hex/Fire       35%        N/A       1%          3
 Lesser Beckoning         Tloc           43%        N/A       1%          3
 Swiftness                Air            30%        N/A       1%          3
 Vampiric Draining        Necr           14%        2d8       1%          3
 Call Imp                 Summ           21%        N/A       2%          2
 Invisibility             Hex            28%        N/A       2%          6
 Stone Arrow              Conj/Erth      50%        3d10      3%          3
 Manifold Assault         Tloc           43%        N/A       3%          5
 Magic Dart               Conj           44%        1d5       6%          1
 Animate Armour           Summ/Erth      60%        N/A       6%          4
 Animate Dead             Necr           14%        N/A       6%          4
 Lee's Rapid Deconstruct  Erth           19%        3d12*     6%          5
 Mephitic Cloud           Conj/Pois/Air  17%        N/A       9%          3
 Metabolic Englaciation   Hex/Ice        17%        N/A       9%          5
 Petrify                  Tmut/Erth      24%        N/A       12%         4
 Ignite Poison            Fire/Tmut/Pois 10%        N/A       21%         3
 Ozocubu's Armour         Ice            10%        N/A       21%         3
 Freezing Cloud           Conj/Ice/Air   8%         6-21      63%         5
 Death Channel            Necr           14%        N/A       69%         6
 Discord                  Hex            28%        N/A       71%         8
 Alistair's Intoxication  Tmut/Pois      6%         N/A       88%         5
 Statue Form              Tmut/Erth      16%        N/A       88%         6
 Conjure Ball Lightning   Conj/Air       10%        3x3d6     96%         6
 Simulacrum               Ice/Necr       10%        N/A       97%         6
 Eringya's Noxious Bog    Tmut/Pois      5%         N/A       100%        6
 Haunt                    Necr/Summ      12%        N/A       100%        7
 Storm Form               Tmut/Air       10%        N/A       100%        7
 Disjunction              Tloc           21%        N/A       100%        8
 Infestation              Necr           14%        N/A       100%        8
 Lehudib's Crystal Spear  Conj/Erth      12%        10d4      100%        8
 Maxwell's Capacitive Co  Air            15%        ∞         100%        8
 Chain Lightning          Conj/Air       10%        3d13      100%        9
 Fire Storm               Conj/Fire      5%         8d2       100%        9
 Shatter                  Erth           19%        3d18*     100%        9


Dungeon Overview and Level Annotations

Branches:
Dungeon (15/15)            Temple (1/1) D:4            Lair (6/6) D:8
  Swamp (1/4) Lair:4       Spider (4/4) Lair:3        Slime (0/5) Lair:5
    Orc (2/2) D:12            Elf (0/3) Orc:2        Vaults (0/5) D:14
 Depths (0/4) D:15         Bailey (visited)         Gauntlet (visited)

Altars:
Ashenzari
Cheibriados
Dithmenos
Elyvilon
Fedhas
Gozag
Hepliaklqana
Kikubaaqudgha
Makhleb
Nemelex Xobeh
Okawaru
Qazlal
Ru
Sif Muna
Trog
Uskayaw
Vehumet
Wu Jian
Xom
Yredelemnul
Zin
The Shining One
Beogh

Shops:
D:4 =   D:12 ([   Orc:1 *   Orc:2 [:*(

Portals:
Trove: D:13 (give 8 scrolls of fog)

Annotations:
D:7 2 transporters, anet's ghost, novice GnDe
D:13 2 transporters, Sakeohyuph's ghost, journeyman MiBe
D:14 rakshasa
Lair:2 exclusion: oklob plant
Lair:6 come back, exclusion: 2 oklob plants, Rupert
Spider:1 exclusion: downstairs


Innate Abilities, Weirdness & Mutations

You are very small and have problems with some larger weapons.
You are too small for most types of armour.
You have supernaturally acute eyesight. (SInv)
You cover ground extremely quickly. (Speed+++)


Message History

Your hands begin to glow red.
You hit the bog body but do no damage. You hit the bog body but do no damage.
The bog body appears confused.
You barely miss the bog body. You hit the bog body.
The bog body is lightly damaged.
You hit the bog body.
The bog body is lightly damaged.
The thorn hunter gestures.
Thorny briars emerge from the ground!
You hit the bog body.
The bog body is moderately damaged.
You catch the helpless bog body completely off-guard!
You skewer the bog body like a kebab!!!!
You destroy the bog body!
The thorn hunter fires a volley of thorns at you.
The volley of thorns hits you!!
You enter the shallow water.
Moving in this stuff is going to be slow.
The briar patch crumbles away. x2
The thorn hunter gestures.
Thorny briars emerge from the ground!
There is a stone staircase leading down here.
You enter the shallow water.
Moving in this stuff is going to be slow.
The briar patch crumbles away. x5
You enter the shallow water.
Moving in this stuff is going to be slow.
The briar patch crumbles away.
The thorn hunter fires a volley of thorns at you.
The volley of thorns hits you!!
You enter the shallow water.
Moving in this stuff is going to be slow.
The briar patch crumbles away.
The thorn hunter fires a volley of thorns at you.
The volley of thorns hits you!!
* * * LOW HITPOINT WARNING * * *
The thorn hunter fires a volley of thorns at you.
The volley of thorns hits you!!
You die...

♣♣♣)≈≈≈.§P♣♣♣..≈......†≈
♣♣♣<≈≈≈≈.PP♣≈.≈≈PP≈≈.≈≈.
♣♣♣§≈≈≈≈≈PP.♣.≈≈≈≈≈≈.≈..
♣♣♣♣..≈≈§P≈≈.>...P....≈≈
♣♣♣♣♣.≈≈.PP≈≈.....≈...≈≈
♣♣♣♣♣....≈P≈.≈....≈§.†≈≈
♣♣♣♣.≈..PPf♣♣♣...≈≈.♣♣♣
♣♣♣.≈.≈PP≈♣≈≈≈.≈≈≈♣♣♣♣
♣♣♣≈..@♣P≈≈..♣♣.§..♣♣♣♣
♣..♣♣≈♣≈.≈.≈♣♣♣...♣♣
♣≈≈♣♣.>....♣≈♣♣♣..♣♣
♣.≈.≈.≈≈≈≈..≈§.....♣♣
♣♣≈≈≈♣.≈≈≈≈≈≈≈≈......♣♣
♣≈≈≈≈.....≈≈≈≈≈≈.....≈♣♣
♣≈≈≈.≈[≈..≈≈≈≈≈≈.......≈ ♣♣♣
♣♣.[..♣♣...≈≈≈≈≈...≈?..♣
♣♣♣.♣♣♣♣..≈♣≈...♣.≈≈≈≈§§≈≈≈♣♣♣


You could see a thorn hunter.

Vanquished Creatures
  Arachne (Spider:2)
  A fenstrider witch (Swamp:1)
  Donald (Spider:2)
  2 emperor scorpions
  An orc warlord (Orc:1)
  3 ghost moths (Spider:4)
  Nessos (D:14)
  An entropy weaver (Spider:2)
  A minotaur (Gauntlet)
  2 dire elephants
  3 spark wasps
  2 eleionomae (Swamp:1)
  A fire dragon (D:15)
  3 vault guards (D:14)
  Fannar (D:11)
  11 hydras
  Erolcha (D:8)
  5 boulder beetles
  A catoblepas (D:15)
  4 centaur warriors
  Erica (D:11)
  An alligator (Swamp:1)
  2 two-headed ogres
  2 death knights
  5 tengu warriors
  A death scarab (Gauntlet)
  2 orc high priests (Orc:2)
  5 death yaks
  A deep elf knight (Spider:3)
  A spriggan (Swamp:1)
  A fire crab (shapeshifter) (D:14)
  A skeletal warrior (D:15)
  A goliath frog (Swamp:1)
  10 orc knights
  2 wizards (D:15)
  2 swamp dragons (shapeshifter)
  2 lindwurms (Lair:6)
  2 necromancers
  2 bog bodies (Swamp:1)
  A deep elf archer (Spider:3)
  3 phantasmal warriors
  3 orc sorcerers
  12 orb spiders
  5 deep elf pyromancers
  13 wolf spider zombies (Spider:2)
  24 wolf spiders
  A manticore (D:12)
  9 ugly things
  4 moths of wrath
  7 cyclopes
  2 centaur zombies
  Maurice (D:10)
  A naga mage (D:15)
  5 black mambas
  A black mamba (shapeshifter) (Lair:6)
  14 elephants
  A torpor snail (Gauntlet)
  A gargoyle (D:13)
  8 cane toads
  2 unseen horrors
  A cane toad (shapeshifter) (D:14)
  A freezing wraith (D:13)
  7 komodo dragons
  7 redback zombies (Spider:2)
  3 yaktaurs (D:14)
  Psyche (D:8)
  A tengu conjurer (D:14)
  10 demonic crawlers
  A queen bee (D:13)
  3 meliai (D:13)
  A wolf spider simulacrum (D:14)
  8 trolls
  19 jumping spiders
  25 blink frogs
  A harpy zombie (D:15)
  9 tarantella zombies (Spider:2)
  A polar bear (Lair:3)
  2 raiju
  4 tyrant leeches
  14 hornets
  20 slime creatures
  7 small abominations (Lair:6)
  24 tarantellas
  A vampire (D:10)
  47 redbacks
  Sigmund (D:6)
  3 wyverns
  3 dancing weapons
  3 shadows
  4 wraiths
  45 yaks
  Grum (D:10)
  15 basilisks
  2 steam dragons
  9 vampire mosquitoes
  A chaos spawn (Lair:6)
  7 swamp worms
  Menkaure (D:6)
  A spectral cane toad (Gauntlet)
  A warg (Orc:2)
  2 acid dragons
  8 water moccasins
  Duvessa (D:6)
  An ice beast (D:6)
  A sky beast (D:7)
  27 orc warriors
  4 black bears
  2 necrophages
  7 ogres
  11 centaurs
  12 wolves
  2 phantoms
  4 kobold brigands
  11 bullfrogs
  A gnoll sergeant (D:9)
  A wyvern zombie (D:5)
  8 scorpions
  Dowan (D:6)
  A hornet simulacrum (D:14)
  14 killer bees
  2 wights
  7 jellies
  5 howler monkeys
  5 electric eels
  11 orc priests
  5 hounds
  Crazy Yiuf (D:3)
  A gnoll shaman (D:4)
  A bullfrog skeleton (D:5)
  3 centaur skeletons
  An iguana (D:4)
  18 orc wizards
  A killer bee zombie (D:8)
  2 human simulacra (D:13)
  A hound skeleton (D:4)
  A howler monkey zombie (D:5)
  11 gnolls
  8 adders
  A shadow imp (D:5)
  4 ufetubi
  2 worms
  2 dart slugs (D:2)
  92 orcs
  4 ball pythons
  9 bats
  17 endoplasms
  5 giant cockroaches
  5 goblins
  10 hobgoblins
  20 kobolds
  7 quokkas
  6 frilled lizards
  3 rats
913 creatures vanquished.

Vanquished Creatures (collateral kills)
  A centaur warrior (D:15)
  2 orc knights
  6 orc warriors
  A centaur (D:15)
  5 wights
  A gnoll (D:9)
  7 orcs
23 creatures vanquished.

Vanquished Creatures (others)
  21 dancing weapons
  A jumping spider (Spider:4)
  A killer bee (D:13)
  A bush (Lair:6)
  75 fungi
  67 plants
166 creatures vanquished.

Grand Total: 1102 creatures vanquished

Notes
Turn   | Place    | Note
-------+----------+-------------------------------------------
     0 | D:1      | MirrMurr the Spriggan Enchanter began the quest for the
                  | Orb.
     0 | D:1      | Reached XP level 1. HP: 9/9 MP: 5/5
    68 | D:1      | Found a faded altar of an unknown god.
   406 | D:1      | Reached XP level 2. HP: 13/13 MP: 6/6
   409 | D:1      | Learned a level 2 spell: Ensorcelled Hibernation
   437 | D:1      | Reached skill level 5 in Stealth
  1052 | D:2      | Reached XP level 3. HP: 4/16 MP: 5/8
  1407 | D:2      | Learned a level 3 spell: Confusing Touch
  1535 | D:2      | Reached skill level 6 in Stealth
  1632 | D:2      | Reached XP level 4. HP: 17/21 MP: 2/9
  1636 | D:2      | Learned a level 3 spell: Tukima's Dance
  2866 | D:3      | Found a runed translucent door.
  2867 | D:3      | Noticed Crazy Yiuf
  2877 | D:3      | Killed Crazy Yiuf
  2878 | D:3      | Reached skill level 7 in Stealth
  2878 | D:3      | Reached XP level 5. HP: 24/24 MP: 7/10
  3435 | D:4      | Noticed a necrophage
  3462 | D:4      | Killed a necrophage
  3463 | D:4      | Reached skill level 5 in Short Blades
  3463 | D:4      | Reached skill level 8 in Stealth
  3463 | D:4      | Reached XP level 6. HP: 28/28 MP: 7/11
  3851 | D:4      | Identified the ring "Ridupn" {rN+ Will+}
  3864 | D:4      | Found a glowing silver altar of Zin.
  3907 | D:4      | Found a staircase to the Ecumenical Temple.
  3913 | Temple   | Entered the Ecumenical Temple
  4070 | Temple   | Became a worshipper of Ashenzari the Shackled
  4216 | D:4      | Found Ixymiv's Jewellery Shoppe.
  4343 | D:5      | Entered Level 5 of the Dungeon
  4429 | D:5      | Reached skill level 5 in Hexes
  4429 | D:5      | Reached XP level 7. HP: 32/32 MP: 6/13
  5537 | D:6      | Noticed Sigmund
  5614 | D:6      | Noticed Menkaure
  5623 | D:6      | Killed Menkaure
  5624 | D:6      | Reached skill level 1 in Fighting
  5624 | D:6      | Reached XP level 8. HP: 37/37 MP: 11/15
  5952 | D:6      | Killed Sigmund
  5953 | D:6      | Reached skill level 5 in Dodging
  6085 | D:6      | Identified Behucor's Guide on the Mountains and Air
  6092 | D:6      | Noticed Dowan
  6618 | D:6      | Noticed Duvessa
  6671 | D:6      | Killed Duvessa
  6672 | D:6      | Reached XP level 9. HP: 26/45 MP: 9/16
  6679 | D:6      | Killed Dowan
  7176 | D:7      | Reached skill level 9 in Stealth
  7324 | D:7      | Identified the +6 spear of Gallantry {chaos, rCorr}
  7393 | D:7      | Found a transporter.
  7398 | D:7      | Found a transporter.
  7402 | D:7      | Noticed anet's ghost (novice GnDe)
  7402 | D:7      | Identified the ring of Xom's Indignation {rC+ Str+4 Stlth+}
  7644 | D:7      | Found an ancient bone altar of Kikubaaqudgha.
  7798 | D:7      | Reached skill level 10 in Stealth
  8221 | D:8      | Noticed a cyclops
  8506 | D:7      | Learned a level 4 spell: Cause Fear
  8510 | D:7      | Learned a level 3 spell: Dazzling Flash
  8560 | D:7      | Found a transporter.
  8560 | D:7      | Found a transporter.
  8826 | D:7      | Found an ancient bone altar of Kikubaaqudgha.
  9204 | D:8      | Reached skill level 10 in Dodging
  9534 | D:4      | Bought a ring of poison resistance for 200 gold pieces
  9535 | D:4      | Reached * piety under Ashenzari
  9632 | D:8      | Reached skill level 11 in Stealth
  9632 | D:8      | Reached XP level 10. HP: 51/51 MP: 18/18
  9649 | D:8      | Killed a cyclops
 10042 | D:8      | Noticed Psyche
 10283 | D:8      | Killed Psyche
 10416 | D:8      | Noticed a death yak
 10425 | D:8      | Noticed a death yak
 10443 | D:8      | Noticed a death yak
 10697 | D:8      | Reached skill level 12 in Stealth
 10799 | D:8      | Killed a death yak
 11437 | D:8      | Found a staircase to the Lair.
 11778 | D:9      | Found a hazy altar of Hepliaklqana.
 11978 | D:9      | Identified the +8 dagger of Light {antimagic, Dex+6}
 12009 | D:9      | Noticed Erolcha
 12146 | D:9      | Paralysed by a hornet for 2 turns
 12345 | D:9      | Noticed a two-headed ogre
 12371 | D:8      | Killed a two-headed ogre
 12486 | D:9      | Paralysed by a hornet for 3 turns
 12703 | D:8      | Killed Erolcha
 12704 | D:8      | Reached skill level 5 in Spellcasting
 12704 | D:8      | Reached XP level 11. HP: 42/56 MP: 10/21
 13270 | D:9      | Reached skill level 13 in Stealth
 13444 | D:9      | Found a shimmering blue altar of Sif Muna.
 13444 | D:9      | Identified Sif Muna's Incunabulum of Dark Arts
 13444 | D:9      | Identified Sif Muna's Guide on Stones
 13445 | D:9      | Identified Sif Muna's Disquisition on the Rocks
 13713 | D:10     | Entered Level 10 of the Dungeon
 13717 | D:10     | Noticed Maurice
 13721 | D:10     | Noticed Grum
 13738 | D:9      | Reached skill level 5 in Fighting
 13875 | D:10     | Found an opulent altar of Gozag.
 13875 | D:10     | Noticed a six-headed hydra
 13881 | D:10     | Killed a six-headed hydra
 13986 | D:10     | Killed Grum
 13997 | D:10     | Killed Maurice
 14087 | D:10     | Found a shadowy altar of Dithmenos.
 14872 | D:10     | Reached skill level 14 in Stealth
 15521 | D:10     | Identified the +2 robe of Masochism {Str+3}
 15588 | D:10     | Reached skill level 1 in Translocations
 15600 | D:10     | Reached skill level 10 in Short Blades
 15874 | D:11     | Noticed Fannar
 15954 | D:11     | Noticed a seven-headed hydra
 16165 | D:10     | Killed a seven-headed hydra
 16449 | D:11     | Noticed Erica
 16453 | D:11     | Killed Erica
 16454 | D:11     | Reached skill level 15 in Stealth
 16454 | D:11     | Reached XP level 12. HP: 61/61 MP: 22/22
 17720 | D:11     | Killed Fannar
 17721 | D:11     | Reached skill level 15 in Dodging
 18083 | Lair:1   | Entered Level 1 of the Lair of Beasts
 18306 | Lair:1   | Reached ** piety under Ashenzari
 19142 | Lair:1   | Reached skill level 16 in Stealth
 19509 | Lair:2   | Reached *** piety under Ashenzari
 20009 | Lair:2   | Noticed an eight-headed hydra
 20012 | Lair:2   | Killed an eight-headed hydra
 20014 | Lair:2   | Noticed a seven-headed hydra
 20226 | Lair:2   | Killed a seven-headed hydra
 20937 | Lair:3   | Found a hole to the Spider Nest.
 21271 | Lair:3   | Reached skill level 17 in Stealth
 21608 | Lair:2   | Reached XP level 13. HP: 72/72 MP: 19/26
 22338 | Lair:4   | Identified the ring "Bidistris" {rN+ rCorr Dex+5}
 22780 | Lair:4   | Reached skill level 18 in Stealth
 22939 | Lair:4   | Identified the +9 hunting sling "Xuptirri" {vorpal, rElec
                  | rN+ Str+5 Int-2}
 23123 | Lair:4   | Found a staircase to the Swamp.
 23486 | Lair:5   | Reached **** piety under Ashenzari
 23722 | Lair:5   | Reached skill level 19 in Stealth
 23871 | Lair:5   | Found a staircase to the Slime Pits.
 24279 | Lair:6   | Entered Level 6 of the Lair of Beasts
 24723 | Lair:6   | Noticed Rupert
 25552 | Lair:5   | Reached skill level 20 in Stealth
 26338 | Lair:6   | Reached XP level 14. HP: 75/79 MP: 22/28
 26556 | Lair:6   | Upgraded the game from 0.28-a0-631-g0446da8ef9 to
                  | 0.28-a0-649-g2b6bb2fd11
 27243 | Lair:6   | Learned a level 5 spell: Borgnjor's Vile Clutch
 27433 | D:12     | Found a flagged portal.
 27445 | Bailey   | Entered a bailey
 27774 | Bailey   | Identified a scroll of acquirement
 27798 | Bailey   | Acquired 1025 gold pieces
 28082 | Bailey   | Reached skill level 1 in Necromancy
 28132 | Bailey   | Reached skill level 1 in Earth Magic
 28298 | Bailey   | Reached skill level 21 in Stealth
 29022 | D:12     | Found Roukihipp's Weapon Emporium.
 29023 | D:12     | Found a staircase to the Orcish Mines.
 29036 | D:12     | Found Zasetofu's Armour Emporium.
 30185 | D:13     | Found a portal to a secret trove of treasure.
 30217 | D:13     | Found a gate leading to a gauntlet.
 30439 | Gauntlet | Entered a Gauntlet
 30439 | Gauntlet | Identified the +0 cloak of Crawling {Harm Rampage Drain
                  | rN++}
 30439 | Gauntlet | Found a transporter.
 30439 | Gauntlet | Found a transporter.
 30440 | Gauntlet | Found a transporter.
 30440 | Gauntlet | Found a transporter.
 30443 | Gauntlet | Found a transporter.
 30443 | Gauntlet | Found a transporter.
 30455 | Gauntlet | Found a transporter.
 30455 | Gauntlet | Identified the +2 ring mail of Patterns {Rampage Regen+
                  | Dex+4 Stlth+}
 30457 | Gauntlet | Found a transporter.
 30469 | Gauntlet | Found a transporter.
 30470 | Gauntlet | Identified the ring of Res Nullius {Dex+4 Slay+4}
 30476 | Gauntlet | Found a transporter.
 30493 | Gauntlet | Found a transporter.
 30497 | Gauntlet | Found a transporter.
 32076 | D:13     | Found a transporter.
 32080 | D:13     | Found a transporter.
 32081 | D:13     | Found a bloodstained altar of Trog.
 32095 | D:13     | Noticed Sakeohyuph's ghost (journeyman MiBe)
 32302 | D:13     | Learned a level 2 spell: Blink
 33583 | D:14     | Noticed Nessos
 33612 | D:14     | Killed Nessos
 33704 | D:14     | Reached XP level 15. HP: 85/85 MP: 26/29
 33734 | D:14     | Reached skill level 5 in Earth Magic
 33946 | D:14     | Reached skill level 1 in Shields
 33946 | D:14     | Reached skill level 5 in Necromancy
 35769 | D:14     | Found a gate to the Vaults.
 36787 | D:15     | Entered Level 15 of the Dungeon
 36826 | D:15     | Found a hazy altar of Hepliaklqana.
 36829 | D:15     | Identified the +1 halberd of Ohuit {vorpal, *Slow Int+5
                  | Dex+3}
 36859 | D:14     | Reached ***** piety under Ashenzari
 36916 | D:15     | Identified the +1 leather armour of Duck's Teeth {rElec
                  | Str+5 Int-5}
 38210 | D:15     | Found a staircase to the Depths.
 38449 | Orc:1    | Entered Level 1 of the Orcish Mines
 38561 | Orc:1    | Found Nidaraz's General Store.
 39138 | Orc:2    | Entered Level 2 of the Orcish Mines
 39138 | Orc:2    | Found a staircase to the Elven Halls.
 39336 | Orc:2    | Found Naef's Antique Weapon Boutique.
 39336 | Orc:2    | Noticed an orc warlord
 39406 | Orc:1    | Killed an orc warlord
 39407 | Orc:1    | Reached skill level 22 in Stealth
 39644 | Orc:2    | Reached skill level 10 in Hexes
 40073 | Orc:2    | Found Ceng's General Store.
 40098 | Orc:2    | Found Jiruj Warem's Book Boutique.
 40723 | Orc:2    | Found Rorer's Antique Armour Shoppe.
 40890 | Orc:2    | Bought a book of Cantrips for 192 gold pieces
 40892 | Orc:2    | Learned a level 1 spell: Apportation
 41091 | Orc:2    | Upgraded the game from 0.28-a0-649-g2b6bb2fd11 to
                  | 0.28-a0-653-g7e9dba17c3
 41303 | Spider:1 | Entered Level 1 of the Spider Nest
 41807 | Spider:1 | Reached XP level 16. HP: 95/95 MP: 32/32
 41900 | Spider:1 | Reached skill level 1 in Evocations
 44386 | Spider:2 | Reached skill level 5 in Evocations
 44688 | Spider:2 | Identified the +3 broad axe of the Scorpion {freeze,
                  | Fragile rPois rC+ Stlth+}
 44947 | Spider:2 | Noticed Arachne
 45215 | Spider:2 | Killed Arachne
 45449 | Spider:2 | Noticed Donald
 45528 | Spider:2 | Identified the ring "Zaliciemp" {*Slow rPois rC+++ Int+7
                  | Stlth+}
 45808 | Spider:2 | Killed Donald
 46406 | Spider:3 | Reached skill level 23 in Stealth
 46412 | Spider:3 | Acquired 852 gold pieces
 47428 | Spider:4 | Entered Level 4 of the Spider Nest
 47787 | Spider:4 | Learned a level 4 spell: Summon Lightning Spire
 47958 | Spider:4 | Reached skill level 1 in Air Magic
 48268 | Spider:4 | Reached skill level 1 in Summonings
 48646 | Spider:4 | Reached skill level 5 in Translocations
 48705 | Spider:4 | Reached XP level 17. HP: 39/100 MP: 0/33
 49987 | Spider:4 | Got a gossamer rune of Zot
 50242 | Swamp:1  | Entered Level 1 of the Swamp
 50243 | Swamp:1  | Upgraded the game from 0.28-a0-653-g7e9dba17c3 to
                  | 0.28-a0-657-g71136c5590
 51015 | Swamp:1  | Killed from afar by a thorn hunter

Illustrated notes

Levels and vault maps discovered:
D:1:      dpeg_arrival_rooms_c, layout_basic, hellmonk_ecumenical_altar_run_dry,
          minmay_tetromino_s2
D:2:      layout_basic, minmay_crystal_water
D:3:      layout_loops_cross, uniq_crazy_yiuf_cottage
D:4:      layout_rooms, mainiacjoe_overflow_brackets,
          minmay_temple_entry_butterflies, serial_shops, kennysheep_little_box,
          dk_vineyard_2
D:5:      layout_basic
D:6:      layout_loops_ring, nicolae_water_bricks, item_on_display_a,
          uniq_menkaure, uniq_duvessa, uniq_sigmund
D:7:      lemuel_slime, layout_loops_ring,
          mainiacjoe_overflow_concentric_impassable,
          gammafunk_ghost_gnarly_gnolls, hangedman_glass_teeth
D:8:      layout_basic, dpeg_lair_monsters, uniq_psyche
D:9:      layout_loops_ring, mainiacjoe_overflow_boulevard,
          nicolae_sif_muna_little_library, special_room [special_room_orc],
          uniq_erolcha
D:10:     layout_irregular_city, mainiacjoe_overflow_catch_the_wave, uniq_grum,
          uniq_maurice
D:11:     layout_rooms, kennysheep_path_1, uniq_erica, uniq_fannar
D:12:     layout_basic, orc_david_3, enter_bailey_2, kennysheep_four_rooms
D:13:     layout_loops_corners, gammafunk_ghost_wrathful_warriors,
          gauntlet_entry_generic, special_room [special_room_bee],
          enter_trove_3, bh_circular_ruins
D:14:     layout_layer_cave, lightli_vaults_fourway_checkpoint,
          minmay_crystal_room, uniq_nessos
D:15:     grunt_enter_depths_magical_seal, layout_basic,
          nicolae_hepliaklqana_hazy_memory, minivault_27
Temple:   eino_temple_rhombus
Lair:1:   layout_gridlike
Lair:2:   layout_loops_ring, minmay_lair_oklob_bushes, grunt_megastairs_2
Lair:3:   layout_gridlike, nicolae_spider_entry_non_spiders
Lair:4:   layout_misc_corridors, minmay_swamp_entry_worms, serial_bayou_shore_a
Lair:5:   layout_long_grid, minmay_slime_entry_pillars,
          kennysheep_basilisk_garden, serial_bayou_shore_b
Lair:6:   hellmonk_lair_end_abyssal_woods, layout_loops_ring,
          wad_woods_river_03, chequers_serial_rivers_micro_a, dpeg_oklob_1,
          uniq_rupert
Swamp:1:  layout_basic_swamp, gammafunk_ghost_mausoleum,
          evilmike_swamp_ruin_house_1, swamp_pool3
Spider:1: layout_chambers, guppyfry_hornet_nest,
          hangedman_spider_tarantella_strand
Spider:2: lemuel_spider_zombies, uniq_donald, uniq_arachne
Spider:3: layout_spider_delve, beargit_elvish_explorers
Spider:4: spider_rune_water
Orc:1:    layout_diamond_mine, serial_shops, nicolae_shop_stone
Orc:2:    grunt_orc_gardens, layout_diamond_mine, grunt_orc_garden,
          grunt_orc_garden, grunt_orc_garden, grunt_orc_garden, mines1_david

Skill      XL: |  1  2  3  4  5  6  7  8  9 10 11 12 13 14 15 16 17 |
---------------+----------------------------------------------------+-----
Stealth        | 5 6 7 8 11 12 15 17 20 21 22 23 | 23.3
Short Blades   | 2 3 5 7 8 10 | 10.0
Hexes          | 5 7 8 10 | 10.8
Spellcasting   | 3 4 5 |  5.1
Fighting       | 1 4 5 6 7 8 9 |  9.9
Dodging        | 3 8 10 12 14 16 19 20 21 | 21.4
Translocations | 4 5 |  5.9
Necromancy     | 4 6 |  6.0
Earth Magic    | 4 5 |  5.9
Shields        | 4 |  4.6
Evocations     | 9 |  9.2
Air Magic      | 1 3 |  3.6
Summonings     | 1 3 |  3.3

Action                   |  1- 3 |  4- 6 |  7- 9 | 10-12 | 13-15 | 16-18 || total
-------------------------+-------+-------+-------+-------+-------+-------++-------
Melee: Dagger            |    49 |   132 |   192 |   805 |  1557 |   823 ||  3558
Throw: Stone             |       |       |     3 |    14 |     8 |     5 ||    30
       Dart              |       |       |       |       |       |     3 ||     3
 Cast: Ensorcelled Hiber |    15 |    15 |    56 |   153 |   347 |   199 ||   785
       Confusing Touch   |       |     2 |    16 |    23 |    71 |    52 ||   164
       Tukima's Dance    |       |     1 |     6 |    12 |    92 |     4 ||   115
       Dazzling Flash    |       |       |       |     8 |    11 |       ||    19
       Apportation       |       |       |       |       |       |     4 ||     4
       Summon Lightning  |       |       |       |       |       |     2 ||     2
       Borgnjor's Vile C |       |       |       |       |       |     1 ||     1
Invok: Curse Item        |       |       |     2 |     2 |     2 |       ||     6
Evoke: Wand              |       |       |       |    10 |     7 |     3 ||    20
  Use: Scroll            |       |     6 |     1 |     2 |     4 |     2 ||    15
       Potion            |       |       |       |       |     1 |     1 ||     2
 Stab: Sleeping          |    18 |    19 |    35 |    73 |   185 |   120 ||   450
       Confused          |       |     1 |    11 |    20 |    62 |    64 ||   158
       Distracted        |       |     1 |       |     1 |    10 |     1 ||    13
       Invisible         |       |       |       |     1 |    11 |     9 ||    21
Armor: Robe              |     6 |     7 |     7 |    30 |    60 |    27 ||   137
Dodge: Dodged            |    40 |    64 |    93 |   484 |  1095 |   527 ||  2303
Block: Other             |       |    10 |    26 |   110 |   158 |       ||   304
       Reflection        |       |       |       |     4 |    19 |     4 ||    27
       Buckler           |       |       |       |       |   450 |   455 ||   905

Table legend: (Time is in decaauts)
 A = Elapsed time spent in this place.
 B = Non-inter-level travel time spent in this place.
 C = Inter-level travel time spent in this place.
 D = Time resting spent in this place.
 E = Time spent auto-exploring this place.
 F = Levels seen in this place.
 G = Mean time per level.
                   A        B        C        D        E       F      G
               +--------+--------+--------+--------+--------+-----+--------+
         Total |  39382 |  37121 |   2261 |   1774 |  27046 |  31 | 1270.4 |
       Dungeon |  20954 |  19688 |   1266 |   1272 |  14452 |  15 | 1396.9 |
        Temple |    106 |     89 |     17 |      0 |     79 |   1 |  106.0 |
          Lair |   7269 |   6787 |    482 |     31 |   5155 |   6 | 1211.5 |
         Swamp |    496 |    432 |     64 |      0 |    239 |   1 |  496.0 |
   Spider Nest |   6869 |   6587 |    282 |    132 |   4995 |   4 | 1717.2 |
  Orcish Mines |   2043 |   1895 |    148 |    105 |   1244 |   2 | 1021.5 |
        Bailey |    951 |    951 |      0 |    114 |    564 |   1 |  951.0 |
      Gauntlet |    690 |    690 |      0 |    119 |    316 |   1 |  690.0 |
               +--------+--------+--------+--------+--------+-----+--------+

Top non-repeatable levels by time:
    D:14: 2604 daAuts
Spider:1: 2501 daAuts
     D:8: 2282 daAuts
    D:13: 2032 daAuts
    D:10: 2022 daAuts
Spider:2: 1734 daAuts
  Lair:5: 1564 daAuts
    D:12: 1521 daAuts
     D:7: 1513 daAuts
Spider:4: 1482 daAuts
     D:9: 1455 daAuts
  Lair:2: 1398 daAuts
  Lair:6: 1370 daAuts
     D:6: 1314 daAuts
     D:5: 1199 daAuts
